 Dungeon Crawl Stone Soup version 0.26.1-11-gd32895ea62 (webtiles) character file.

Game seed: 1228329654883546185

1502 vvl the Ruffian (level 8, -3/73 (74) HPs)
             Began as a Troll Hedge Wizard on July 5, 2021.
             Slain by an orc knight
             ... wielding a +0 war axe
              (28 damage)
             ... in a bailey.
             The game lasted 00:15:23 (5740 turns).

vvl the Ruffian (Troll Hedge Wizard)                Turns: 5740, Time: 00:15:24

HP:   -3/73 (74)    AC:  6    Str: 19    XL:     8   Next: 52%
MP:   11/11         EV: 10    Int: 12    God:
Gold: 391           SH:  0    Dex:  9    Spells: 10/13 levels left

rFire    . . .     SeeInvis .     - Unarmed
rCold    . . .     Faith    .   (no shield)
rNeg     . . .     Spirit   .   b - +0 robe
rPois    .         Reflect  .   c - +0 hat
rElec    .         Harm     .   (no cloak)
rCorr    .         Rampage  .   (gloves unavailable)
Will     .....                  (boots unavailable)
Stlth    +.........             a - amulet of regeneration
HPRegen  1.02/turn              q - ring of wizardry
MPRegen  0.12/turn              j - ring of wizardry

@: marked, very slightly contaminated, lightly drained, invisible
A: large, unfitting armour, claws 3, regeneration 1, shaggy fur 1, tough skin 3
a: no special abilities


You were in a bailey.
You visited 1 branch of the dungeon, and saw 7 of its levels.
You also visited: Bailey.

You collected 391 gold pieces.

Inventory:

Armour
 b - a +0 robe (worn)
 c - a +0 hat (worn)
 x - a +0 kite shield
Jewellery
 a - an amulet of regeneration (around neck)
 i - an uncursed ring of ice
 j - a ring of wizardry (right claw)
 q - a ring of wizardry (left claw)
Wands
 y - a wand of flame (25)
Scrolls
 d - 6 scrolls of magic mapping {unknown}
 k - 2 scrolls of blinking {unknown}
 l - 3 scrolls of enchant armour {unknown}
 m - 3 scrolls of random uselessness {unknown}
 n - 3 scrolls of fear {unknown}
 o - 6 scrolls of remove curse
 p - 2 scrolls of amnesia {unknown}
 t - 4 scrolls of noise {unknown}
 u - 4 scrolls of immolation {unknown}
 v - 3 scrolls of teleportation {unknown}
Potions
 e - a potion of haste
 f - a potion of invisibility
 g - a potion of mutation {unknown}
 h - a potion of flight
 s - a potion of degeneration {unknown}
 w - 2 potions of resistance
 z - a potion of brilliance {unknown}
 A - a potion of cancellation {unknown}


   Skills:
 + Level 2.6 Fighting
 + Level 2.5 Armour
 + Level 3.3 Dodging
 - Level 1.0 Stealth
 + Level 2.2 Shields
 * Level 4.7 Unarmed Combat
 + Level 3.0 Spellcasting
 + Level 2.1 Conjurations
 - Level 0.6 Summonings
 + Level 1.8 Necromancy
 + Level 2.7 Translocations


You had 10 spell levels left.
You knew the following spells:

 Your Spells              Type           Power        Failure   Level
a - Magic Dart            Conj           24%          3%          1
b - Blink                 Tloc           N/A          3%          2

Your spell library contained the following spells:

 Spells                   Type           Power        Failure   Level
 Call Imp                 Summ           3%           8%          2
 Slow                     Hex            1%           11%         2
 Conjure Flame            Conj/Fire      4%           13%         3
 Mephitic Cloud           Conj/Pois/Air  3%           16%         3


Dungeon Overview and Level Annotations

Branches:
Dungeon (7/15)             Temple (0/1) D:7          Bailey (1/1)

Altars:
Okawaru
Vehumet


Innate Abilities, Weirdness & Mutations

You are too large for most types of armour.
You have claws for hands.
Your natural rate of healing is unusually fast.
You are covered in fur. (AC +1)
You have extremely tough skin. (AC +3)


Message History

The boomerang closely misses the orc knight.
The boomerang closely misses you.
The weapon returns to the kobold!
You scratch the orc knight.
The orc knight is severely wounded.
The kobold throws a boomerang.
The boomerang hits the orc knight but does no damage.
The weapon returns to the kobold!
The kobold throws a boomerang.
The boomerang hits the orc knight.
The weapon returns to the kobold!
The orc knight hits you with a +0 war axe!
The kobold throws a boomerang.
The boomerang closely misses the gnoll.
The boomerang hits the orc knight.
The weapon returns to the kobold!
You claw the orc knight!
The orc knight is almost dead.
The kobold throws a boomerang.
The boomerang misses the orc knight.
The boomerang closely misses you.
The weapon returns to the kobold!
The kobold throws a boomerang.
The boomerang hits the orc knight but does no damage.
The weapon returns to the kobold!
The orc knight hits you with a +0 war axe!!
You die...

###
##8##
##.∩.##
#8^^.8#
##.∩@##
##o##


K≈g ##≈g K≈o ##≈g K≈o #≈o You could see 2 orc knights, 2 orc warriors, 2 gnolls,
a hobgoblin and 3 kobolds.

Vanquished Creatures
  A wraith (D:6)
  3 ogres
  3 centaurs
  A bullfrog (D:7)
  A scorpion (D:4)
  3 wights (D:6)
  A bullfrog skeleton (D:6)
  A centaur skeleton (D:4)
  6 hounds
  An iguana (D:5)
  3 worker ants
  2 orc wizards
  A hound zombie (D:5)
  A howler monkey skeleton (D:3)
  8 adders
  A white imp (D:6)
  An ufetubus (D:5)
  2 oozes
  An adder skeleton (D:4)
  5 worms
  3 dart slugs (D:1)
  5 leopard geckos
  10 orcs
  A ball python (D:3)
  11 bats
  4 giant cockroaches
  14 goblins
  10 hobgoblins
  7 jackals
  11 kobolds
  2 quokkas
  7 frilled lizards
  12 rats
143 creatures vanquished.

Notes
Turn   | Place    | Note
-------+----------+-------------------------------------------
     0 | D:1      | vvl the Troll Hedge Wizard began the quest for the Orb.
     0 | D:1      | Reached XP level 1. HP: 16/16 MP: 2/2
   104 | D:1      | Reached XP level 2. HP: 20/24 MP: 4/4
   545 | D:1      | Reached skill level 1 in Unarmed Combat
   545 | D:1      | Reached XP level 3. HP: 30/31 MP: 5/5
   571 | D:1      | Reached skill level 1 in Translocations
   783 | D:1      | Reached skill level 1 in Conjurations
  1168 | D:2      | Reached XP level 4. HP: 31/40 MP: 6/6
  1801 | D:2      | Reached skill level 1 in Armour
  1983 | D:3      | Reached skill level 2 in Unarmed Combat
  1983 | D:3      | Reached XP level 5. HP: 46/46 MP: 7/7
  2040 | D:3      | Reached skill level 1 in Fighting
  2656 | D:4      | Reached XP level 6. HP: 35/55 MP: 8/8
  3379 | D:4      | Reached skill level 3 in Unarmed Combat
  3492 | D:5      | Entered Level 5 of the Dungeon
  3496 | D:5      | Learned a level 2 spell: Blink
  3591 | D:5      | Found an iron altar of Okawaru.
  3607 | D:5      | Reached skill level 1 in Shields
  3702 | D:5      | Reached XP level 7. HP: 47/63 MP: 9/9
  3900 | D:5      | Found a radiant altar of Vehumet.
  4118 | D:5      | Reached skill level 1 in Necromancy
  4912 | D:6      | Reached skill level 4 in Unarmed Combat
  4933 | D:6      | Noticed a wraith
  4949 | D:6      | Killed a wraith
  4950 | D:6      | Reached XP level 8. HP: 38/72 MP: 11/11
  5566 | D:7      | Found a staircase to the Ecumenical Temple.
  5688 | D:7      | Found a flagged portal.
  5706 | Bailey   | Entered a bailey
  5727 | Bailey   | Noticed an orc knight
  5729 | Bailey   | Noticed an orc knight
  5740 | Bailey   | Slain by an orc knight

Illustrated notes

Levels and vault maps discovered:
D:1:      lemuel_arrival_broad_hall, layout_loops_cross, minmay_bisected
D:2:      layout_loops_corners, hangedman_decor_lopped
D:3:      minmay_evil_eye, layout_rooms
D:4:      layout_loops_corners
D:5:      lemuel_ice_spiral_2, layout_basic, vehumet_altar_wand_db,
          okawaru_trees_1
D:6:      layout_gridville
D:7:      layout_loops_corners, minitemple, cheibriados_altar_1,
          minmay_temple_entry_ruins, enter_bailey_5, uniq_duvessa, uniq_harold,
          uniq_pikel
Bailey:   bailey_axe_1, bailey

Skill      XL: |  1  2  3  4  5  6  7  8 |
---------------+-------------------------+-----
Unarmed Combat | 1 2 3 4 |  4.7
Translocations | 1 2 |  2.7
Conjurations   | 1 2 |  2.1
Dodging        | 2 3 |  3.3
Armour         | 1 2 |  2.5
Fighting       | 1 2 |  2.6
Shields        | 1 2 |  2.2
Necromancy     | 1 |  1.8
Spellcasting   | 3 |  3.0
Stealth        | |  1.0
Summonings     | |  0.6

Action                   |  1- 3 |  4- 6 |  7- 9 || total
-------------------------+-------+-------+-------++-------
Melee: Unarmed           |   157 |   213 |   175 ||   545
       Giant spiked club |       |    19 |       ||    19
       Punch             |       |       |     5 ||     5
  Use: Scroll            |       |     6 |       ||     6
       Potion            |       |     1 |     4 ||     5
 Stab: Sleeping          |       |     4 |       ||     4
       Invisible         |       |       |     3 ||     3
Armor: Robe              |    69 |    96 |    44 ||   209
Dodge: Dodged            |    91 |   105 |   131 ||   327
Block: Kite shield       |       |    11 |       ||    11
